 Dungeon Crawl Stone Soup version 0.21.1-1-g345015f (webtiles) character file.

91 Mirai the Shield-Bearer (level 4, -4/31 HPs)
             Began as a Halfling Fighter on Mar 16, 2018.
             Slain by a goblin
             ... wielding a +0 war axe
              (6 damage)
             ... on level 3 of the Dungeon.
             The game lasted 00:05:49 (2417 turns).

Mirai the Shield-Bearer (Halfling Fighter)          Turns: 2417, Time: 00:05:49

Health: -4/31      AC:  3    Str: 17    XL:     4   Next: 87%
Magic:  4/4        EV: 10    Int:  6    God:
Gold:   210        SH: 10    Dex: 14    Spells: 3/3 levels left

rFire    . . .     SeeInvis .   A - -3 dagger (curse)
rCold    . . .     Gourm    .   c - +0 shield
rNeg     . . .     Faith    .   l - +0 leather armour
rPois    .         Spirit   .   (no helmet)
rElec    .         Reflect  .   (no cloak)
rCorr    .         Harm     .   (no gloves)
MR       .....                  (no boots)
Stlth    ++........             (no amulet)
HPRegen  0.10/turn              (no ring)
MPRegen  0.09/turn              (no ring)

@: lethally poisoned (-4 -> -10)
A: small, mutation resistance 1
a: no special abilities


You were on level 3 of the Dungeon.
You were not hungry.

You visited 1 branch of the dungeon, and saw 3 of its levels.

You collected 210 gold pieces.

Inventory:

Hand Weapons
 a - a +0 rapier
 e - a +0 dagger
 g - a +0 short sword
 h - a +0 dagger
 i - a +0 dagger
 j - a +0 dagger
 k - a +0 short sword
 n - a +0 dagger
 r - a +0 short sword
 s - a +0 dagger
 t - a +0 short sword
 u - a +0 short sword
 x - a +0 dagger
 y - a +0 dagger
 A - a cursed -3 dagger (weapon)
Armour
 c - a +0 shield (worn)
 l - a +0 leather armour (worn)
 w - a +0 robe
Potions
 d - a potion of might
 m - a potion of lignification {unknown}
 p - a potion of haste {unknown}
 q - a potion of heal wounds {unknown}
 z - a potion of curing {unknown}
Comestibles
 f - 5 rations
 o - a chunk of flesh


   Skills:
 + Level 3.0 Fighting
 + Level 3.4 Short Blades
 + Level 3.6 Armour
 + Level 0.4 Dodging
 * Level 2.1 Stealth
 + Level 4.0 Shields


You had 3 spell levels left.
You didn't know any spells.

Dungeon Overview and Level Annotations

Branches:
Dungeon (3/15)

Altars:


Innate Abilities, Weirdness & Mutations

You are small and have problems with some larger weapons.
You are somewhat resistant to further mutation.


Message History

The adder is severely wounded.
The adder bites you.
* * * LOW HITPOINT WARNING * * *
Your shield prevents you from hitting the adder.
The adder is heavily wounded.
* * * LOW HITPOINT WARNING * * *
You feel sick. The adder closely misses you.
You hit the adder.
The adder is almost dead.
You block the adder's attack. The adder bites you.
* * * LOW HITPOINT WARNING * * *
You are lethally poisoned!
The adder poisons you!
You hit the adder.
You kill the adder!
Your Fighting skill increases to level 3!
Unknown command.
* * * LOW HITPOINT WARNING * * *
You feel sick. The goblin hits you with a war axe.
You die...

#....#.###,**,,,....#.#
#.#....#.#******#.#.#.###
#.#.g###.########.#......
#.................###....
####)###.......#..# #....
#..............###....
#####r##....##........
#g##..#.....##.### *****
#@##..#.##.....#,, *,,,*
#.##.##.######.#.. *,,,*
#.##....# #.#.#
***,,,*****#..,,,,,*
#.#.#
*,,,,,,,,,*#.##***,*
#.... *,,,,,,,,,+..# *,*
##### *,,,,,,,,,*#.# *,*
# *,,,,,,,,,*#.# *** #
*,,,,,,,,,*#.# #


You could see a goblin and a rat.

Vanquished Creatures
  2 adders (D:3)
  2 worms (D:2)
  2 dart slugs
  3 leopard geckos
  2 giant cockroaches
  8 goblins
  4 hobgoblins
  6 jackals (D:2)
  8 kobolds
  A quokka (D:2)
  2 ball pythons
  10 bats
  6 frilled lizards
  3 rats
59 creatures vanquished.

Notes
Turn   | Place    | Note
-------+----------+-------------------------------------------
     0 | D:1      | Mirai the Halfling Fighter began the quest for the Orb.
     0 | D:1      | Reached XP level 1. HP: 15/15 MP: 1/1
    96 | D:1      | Reached XP level 2. HP: 20/20 MP: 2/2
   143 | D:1      | Reached skill level 1 in Stealth
   343 | D:1      | Reached XP level 3. HP: 25/25 MP: 3/3
  1266 | D:2      | Reached XP level 4. HP: 2/30 MP: 4/4
  1897 | D:2      | Reached skill level 4 in Shields
  2417 | D:3      | Slain by a goblin

Skill      XL: |  1  2  3  4 |
---------------+-------------+-----
Stealth        | 1 2 |  2.1
Short Blades   | 3 |  3.4
Shields        | 4 |  4.0
Fighting       | 3 |  3.0
Armour         | |  3.6
Dodging        | |  0.4

Action                   |  1- 3 |  4- 6 || total
-------------------------+-------+-------++-------
Melee: Rapier            |   107 |    66 ||   173
       Dagger            |       |    27 ||    27
  Use: Scroll            |       |     2 ||     2
 Stab: Sleeping          |     2 |       ||     2
  Eat: Chunk             |     1 |     4 ||     5
Armor: Scale mail        |     6 |       ||     6
       Leather armour    |    24 |    21 ||    45
Dodge: Dodged            |    56 |    40 ||    96
Block: Shield            |    82 |    55 ||   137
